 Dungeon Crawl Stone Soup version 0.29-a0-8-g0446c0dae4 (webtiles) character file.

Game seed: 1603063054103533206

18720 siradein the Fighter (level 12, -5/117 HPs)
             Began as a Gargoyle Fighter on Jan 27, 2022.
             Was a Priest of Makhleb.
             Slain by a red devil (14 damage)
             ... in a volcano.
             The game lasted 01:01:02 (18466 turns).

siradein the Fighter (Gargoyle Fighter)            Turns: 18466, Time: 01:01:02

Health: -5/117     AC: 28    Str: 26    XL:     12   Next: 61%
Magic:  26/26      EV:  7    Int:  8    God:    Makhleb [***...]
Gold:   650        SH:  6    Dex:  9    Spells: 11/11 levels left

rFire   + + .      SeeInvis .   m - +2 morningstar (freeze)
rCold   + + .      Faith    .   c - +0 buckler
rNeg    + . .      Spirit   .   f - +0 plate armour
rPois   ∞          Reflect  .   A - +0 helmet
rElec   +          Harm     .   (no cloak)
rCorr   +          Rampage  .   j - +0 pair of gloves
Will    .....                   C - +1 pair of boots
Stlth   ..........              (no amulet)
HPRegen 0.29/turn               E - ring "Axixzuish" {Contam rF+ rC+ MP+9}
MPRegen 0.20/turn               J - ring of flight

@: berserking, resistant, spiked, flying, very quick
A: sickness immunity, AC +8, negative energy resistance 1, electricity
resistance, torment resistance 1, petrification resistance
a: Renounce Religion, Minor Destruction, Lesser Servant of Makhleb


You were in a volcano.
You worshipped Makhleb.
Makhleb was most pleased with you.
You visited 3 branches of the dungeon, and saw 15 of its levels.
You also visited: Volcano.

You collected 650 gold pieces.

Inventory:

Hand Weapons
 h - a +5 morningstar
 m - a +2 morningstar of freezing (weapon)
Missiles
 a - 14 poisoned darts
Armour
 c - a +0 buckler (worn)
 f - a +0 plate armour (worn)
 j - a +0 pair of gloves (worn)
 A - a +0 helmet (worn)
 C - a +1 pair of boots (worn)
Jewellery
 y - a ring of ice
 E - the ring "Axixzuish" (left hand) {Contam rF+ rC+ MP+9}
   (You found it on level 10 of the Dungeon)

   [ring of protection from fire]

   rF:        It protects you from fire.
   rC:        It protects you from cold.
   MP:        It affects your magic capacity (+9).
   Contam:    It causes magical contamination when unequipped.
 J - a ring of flight (right hand)
Wands
 l - a wand of mindburst (17)
 u - a wand of acid (17)
 B - a wand of digging (6)
 F - a wand of flame (20)
 K - a wand of iceblast (5)
Scrolls
 e - 2 scrolls of immolation
 g - 7 scrolls of teleportation
 i - 4 scrolls of magic mapping
 k - 6 scrolls of blinking
 o - a scroll of noise {unknown}
 q - 3 scrolls of brand weapon {unknown}
 s - a scroll of fog {unknown}
 D - a scroll of fear {unknown}
Potions
 b - 3 potions of haste
 d - a potion of might
 p - 3 potions of ambrosia {unknown}
 r - 2 potions of curing {unknown}
 t - 9 potions of heal wounds {unknown}
 v - a potion of attraction
 w - 5 potions of lignification {unknown}
 x - 2 potions of flight
 z - a potion of invisibility {unknown}
 G - 2 potions of brilliance {unknown}
 H - a potion of cancellation {unknown}
 I - a potion of resistance


   Skills:
 + Level 10.3 Fighting
 + Level 9.1 Maces & Flails
 + Level 10.3 Armour
 + Level 10.3 Shields
 + Level 7.1 Invocations
 + Level 7.5 Evocations


You had 11 spell levels left.
You didn't know any spells.
Your spell library contained the following spells:

 Spells                   Type           Power      Damage    Failure   Level
 Magic Dart               Conj           0%         1d3       99%         1
 Pain                     Necr           0%         1d4       99%         1
 Sting                    Tmut/Pois      0%         1d3       99%         1
 Call Imp                 Summ           0%         N/A       100%        2
 Corpse Rot               Necr/Air       0%         N/A       100%        2
 Poisonous Vapours        Pois/Air       0%         N/A       100%        2
 Scorch                   Fire           0%         2d5       100%        2
 Ignite Poison            Fire/Tmut/Pois 0%         N/A       100%        3
 Mephitic Cloud           Conj/Pois/Air  0%         N/A       100%        3
 Animate Dead             Necr           0%         N/A       100%        4
 Olgreb's Toxic Radiance  Pois           0%         N/A       100%        4
 Agony                    Necr           0%         N/A       100%        5
 Excruciating Wounds      Necr           0%         N/A       100%        5
 Starburst                Conj/Fire      0%         6d3       100%        6
 Haunt                    Necr/Summ      0%         N/A       100%        7
 Ignition                 Fire           0%         3d3       100%        8
 Infestation              Necr           0%         N/A       100%        8


Dungeon Overview and Level Annotations

Branches:
Dungeon (11/15)            Temple (1/1) D:6            Lair (3/6) D:10
  Swamp (0/4) Lair:3        Snake (0/4) Lair:3          Orc (0/2) D:11
Volcano (1/1)

Altars:
Ashenzari
Cheibriados
Dithmenos
Elyvilon
Fedhas
Gozag
Hepliaklqana
Kikubaaqudgha
Makhleb
Nemelex Xobeh
Okawaru
Qazlal
Ru
Sif Muna
Trog
Uskayaw
Vehumet
Wu Jian
Xom
Yredelemnul
Zin
The Shining One

Portals:
Abyss: Lair:2

Annotations:
D:7 2 transporters
Lair:2 2 transporters, Guvu Tong's ghost, journeyman MiBe


Innate Abilities, Weirdness & Mutations

You are immune to sickness and miasma.
Your stone body is resilient. (AC +8)
You are immune to poison.
You resist negative energy. (rN+)
You are resistant to electric shocks. (rElec)
You are resistant to unholy torment.
You are immune to petrification.


Message History

The cyan ugly thing is moderately wounded.
The red devil barely misses you.
The cyan ugly thing basks in the mutagenic energy from its kin and changes!
The red devil hits you from afar with a +3 trident of flaming!
* * * LOW HITPOINT WARNING * * *
Barbed spikes become lodged in your body.
A red film seems to cover your vision as you go berserk!
You feel yourself moving faster!
You feel mighty!
The red devil hits you from afar with a +3 trident of flaming!
* * * LOW HITPOINT WARNING * * *
Barbed spikes become lodged in your body.
The red devil burns you.
* * * LOW HITPOINT WARNING * * *
You bludgeon the red ugly thing!! You freeze the red ugly thing.
The red ugly thing is severely wounded.
The red ugly thing basks in the mutagenic energy from its kin and changes!
You impale the red ugly thing!! You freeze the red ugly thing.
You kill the red ugly thing!
Makhleb accepts your kill.
The red devil hits you but does no damage.
The barbs in your skin will harm you if you move.
Continue? [Y]es or [N]o only, please.
The barbs in your skin will harm you if you move.
Continue? [Y]es or [N]o only, please.
The barbs in your skin will harm you if you move.
Continue?
Okay, then.
You are too berserk!
You are too berserk!
Unknown command.
You are too berserk!
Unknown command.
The barbs in your skin will harm you if you move.
Continue?
Found a potion of degeneration.
The barbed spikes dig painfully into your body as you move.
* * * LOW HITPOINT WARNING * * *
You block the red devil's attack.
You barely miss the red devil. You closely miss the red devil.
The red devil hits you with a +3 trident of flaming!
You die...

!. #.! #.# ### ##.### ########
###..##..#.######..4..[#
.............##..#....$$
.......≈≈§.§.§§4......#####§§)!
#....≈≈≈§≈≈≈§§@≈u...### ≈4§
#....≈≈≈≈≈≈§≈≈≈≈≈≈....# .§
#....≈≈§§§§§§§§§....## §
#.....≈≈≈≈≈≈≈≈≈≈≈....#
#..§≈≈≈≈≈≈≈§§§.....#
#..§.≈≈.≈≈≈.....####
#.............#.######
#...##..###...##.##≈≈##
#.####### #######.≈≈≈§#


You could see a green ugly thing and a red devil.

Vanquished Creatures
  A hydra (Lair:2)
  A fire dragon (Lair:2)
  Erica (Lair:2)
  A hell knight (Volcano)
  Pikel (D:4)
  An ugly thing (Volcano)
  A manticore (D:10)
  3 elephants (Lair:2)
  A centaur zombie (D:10)
  A smoke demon (Volcano)
  2 cane toads (Lair:2)
  A gargoyle (D:11)
  A rime drake (Lair:2)
  4 komodo dragons
  A kobold demonologist (D:11)
  A red devil (Volcano)
  A hornet (D:7)
  Grinder (D:3)
  4 slime creatures
  Sigmund (D:5)
  2 shadows (D:11)
  21 yaks
  The ghost of comborobin the Ruffian, an amateur TrCA of Ignis (D:4)
  2 wyverns
  A basilisk (D:10)
  A steam dragon (D:9)
  Grum (Lair:1)
  An acid dragon (D:10)
  5 water moccasins
  3 ice beasts
  A sky beast (D:6)
  3 orc warriors
  9 wolves
  A necrophage (D:5)
  An ogre (D:5)
  3 centaurs
  2 phantoms
  5 bullfrogs
  6 scorpions
  3 water moccasin skeletons
  8 wights
  13 killer bees
  5 howler monkeys
  6 crimson imps (D:9)
  A centaur skeleton (D:7)
  2 hounds
  3 orc priests
  3 jellies
  2 iguanas
  A scorpion zombie (D:5)
  8 orc wizards
  2 killer bee zombies
  3 gnolls (D:5)
  7 adders
  A shadow imp (D:5)
  3 white imps (D:9)
  5 dart slugs
  35 orcs
  4 ball pythons
  7 endoplasms
  4 giant cockroaches
  9 goblins
  8 hobgoblins
  A kobold (D:3)
  7 quokkas
  9 bats
  4 frilled lizards
  2 rats (D:1)
264 creatures vanquished.

Vanquished Creatures (others)
  9 fungi
  26 plants
35 creatures vanquished.

Grand Total: 299 creatures vanquished

Notes
Turn   | Place    | Note
-------+----------+-------------------------------------------
     0 | D:1      | siradein the Gargoyle Fighter began the quest for the Orb.
     0 | D:1      | Reached XP level 1. HP: 14/14 MP: 1/1
   170 | D:1      | Reached XP level 2. HP: 19/19 MP: 2/2
   572 | D:1      | Reached XP level 3. HP: 22/23 MP: 3/3
  1007 | D:2      | Found a shimmering altar of Xom.
  1419 | D:2      | Reached XP level 4. HP: 24/29 MP: 4/4
  2056 | D:3      | Found a faded altar of an unknown god.
  2201 | D:3      | Reached XP level 5. HP: 3/33 MP: 5/5
  2592 | D:3      | Noticed Grinder
  2592 | D:3      | Paralysed by Grinder for 2 turns
  2612 | D:3      | Paralysed by Grinder for 4 turns
  2616 | D:3      | Killed Grinder
  2617 | D:3      | Reached XP level 6. HP: 28/40 MP: 6/6
  3443 | D:4      | Found a runed translucent gate.
  3445 | D:4      | Found a runed translucent gate.
  3445 | D:4      | Found a runed translucent gate.
  3449 | D:4      | Noticed comborobin's ghost (amateur TrCA)
  3990 | D:4      | Reached skill level 5 in Fighting
  3990 | D:4      | Reached skill level 5 in Shields
  3990 | D:4      | Reached XP level 7. HP: 42/44 MP: 7/7
  4032 | D:4      | Reached skill level 5 in Armour
  4142 | D:4      | Reached skill level 1 in Evocations
  4818 | D:4      | Found the +7 Singing Sword {vorpal, sonic wave}
  4834 | D:4      | Reached XP level 8. HP: 40/51 MP: 8/8
  5111 | D:5      | Entered Level 5 of the Dungeon
  5470 | D:5      | Noticed Sigmund
  6257 | D:5      | Noticed Pikel
  6311 | D:4      | Killed Pikel
  6312 | D:4      | Reached skill level 5 in Maces & Flails
  6566 | D:5      | Reached XP level 9. HP: 56/56 MP: 9/9
  7024 | D:5      | Killed Sigmund
  7450 | D:6      | Found a stormy altar of Qazlal.
  7674 | D:6      | Got Asmodeus's Compendium of Fire
  8023 | D:6      | Found a staircase to the Ecumenical Temple.
  8041 | Temple   | Entered the Ecumenical Temple
  8180 | Temple   | Became a worshipper of Makhleb the Destroyer
  8577 | D:7      | Found a transporter.
  8709 | D:4      | Killed comborobin's ghost
  8991 | D:7      | Reached skill level 1 in Invocations
  9029 | D:7      | Noticed a hornet
  9052 | D:7      | Killed a hornet
  9315 | D:7      | Found a transporter.
  9383 | D:7      | Reached XP level 10. HP: 60/63 MP: 11/11
  9887 | D:8      | Reached skill level 5 in Evocations
 10891 | D:9      | Reached * piety under Makhleb
 11453 | D:10     | Entered Level 10 of the Dungeon
 12035 | D:10     | Reached XP level 11. HP: 57/69 MP: 14/14
 12050 | D:10     | Reached ** piety under Makhleb
 12166 | D:10     | Found a staircase to the Lair.
 12178 | D:10     | Identified the ring "Axixzuish" {Contam rF+ rC+ MP+9}
 12249 | D:10     | Reached skill level 5 in Invocations
 12775 | D:11     | Noticed a manticore
 12795 | D:10     | Killed a manticore
 14892 | D:11     | Found a staircase to the Orcish Mines.
 14953 | Lair:1   | Entered Level 1 of the Lair of Beasts
 14976 | Lair:1   | Noticed Grum
 14995 | Lair:1   | Killed Grum
 15000 | Lair:1   | Reached *** piety under Makhleb
 16133 | Lair:2   | Found a transporter.
 16468 | Lair:2   | Reached XP level 12. HP: 55/77 MP: 16/16
 16666 | Lair:2   | Found a shimmering altar of Xom.
 16749 | Lair:2   | Noticed a fire dragon
 16768 | Lair:2   | HP: 1/77 [fire dragon/blast of flame (22)]
 16770 | Lair:2   | Killed a fire dragon
 17391 | Lair:2   | Reached skill level 10 in Fighting
 17395 | Lair:2   | Reached skill level 10 in Armour
 17395 | Lair:2   | Reached skill level 10 in Shields
 17894 | Lair:2   | Noticed Erica
 17956 | Lair:2   | Killed Erica
 18011 | Lair:2   | Found a transporter.
 18013 | Lair:2   | Noticed Guvu Tong's ghost (journeyman MiBe)
 18015 | Lair:2   | Found a one-way gate to the infinite horrors of the Abyss.
 18111 | Lair:2   | Noticed a hell hog
 18121 | Lair:2   | Noticed a rakshasa
 18141 | Lair:2   | Noticed a five-headed hydra
 18162 | Lair:2   | Killed a five-headed hydra
 18348 | Lair:3   | Found a dark tunnel.
 18354 | Volcano  | Entered a volcano
 18430 | Volcano  | Noticed a hell knight
 18446 | Volcano  | Killed a hell knight
 18466 | Volcano  | Slain by a red devil

Illustrated notes

Levels and vault maps discovered:
D:1:      dpeg_arrival_round_a, layout_basic, minmay_misc_feat_four_crosses
D:2:      layout_basic, serial_corexii_hall, corexii_hall_statues_u,
          corexii_hall_statues_t, corexii_hall_statues_i,
          corexii_hall_statues_x, basic_altar
D:3:      layout_basic, ebering_ecumenical_altar_box, minivault_24,
          kennysheep_crisscross, moated_statue, uniq_grinder
D:4:      old_forge, layout_loops_corners, ebering_ghost_rock_garden
D:5:      layout_basic, uniq_pikel, uniq_sigmund
D:6:      layout_loops_ring, grunt_qazlal_clouds, minmay_temple_entry_glass,
          hangedman_decor_peaks_small, kennysheep_generic_room_15
D:7:      gammafunk_steamed_eel, layout_rooms, nicolae_wand_duel,
          dk_noncrumbling_3
D:8:      layout_basic
D:9:      layout_roguey, amethyst_killhole, minmay_nine_imps
D:10:     layout_rooms, minmay_lair_entry_grove, minmay_misc_feat_tower,
          chequers_serial_rivers_micro_d
D:11:     layout_irregular_city, orc_0_dummy
Temple:   mainiacjoe_temple_hex_bubbles
Lair:1:   layout_cave_pods, uniq_grum
Lair:2:   dragon1_lemuel, layout_cave_pods, gammafunk_ghost_abyssal_escape,
          basic_altar, uniq_erica
Lair:3:   layout_gridlike, nicolae_swamp_entry_splash_gauntlet,
          dummy_snake_entry, enter_volcano_2, uniq_urug, uniq_gastronok
Volcano:  volcano_pools

Skill      XL: |  1  2  3  4  5  6  7  8  9 10 11 12 |
---------------+-------------------------------------+-----
Fighting       | 4 5 6 7 8 9 10 | 10.3
Shields        | 4 5 6 7 8 9 10 | 10.3
Maces & Flails | 3 4 5 6 7 8 9 |  9.1
Armour         | 4 5 6 7 8 9 10 | 10.3
Evocations     | 2 3 4 5 6 7 |  7.5
Invocations    | 1 4 6 7 |  7.1

Action                   |  1- 3 |  4- 6 |  7- 9 | 10-12 || total
-------------------------+-------+-------+-------+-------++-------
Melee: Flail             |   133 |   116 |   279 |       ||   528
       Morningstar       |       |       |    72 |   603 ||   675
Throw: Dart              |       |       |     8 |    10 ||    18
Invok: Minor Destruction |       |       |       |    15 ||    15
Evoke: Wand              |       |     4 |     1 |     9 ||    14
  Use: Scroll            |       |     4 |     3 |     5 ||    12
       Potion            |       |       |       |     2 ||     2
Armor: Scale mail        |    67 |    39 |       |       ||   106
       Plate armour      |       |    25 |   249 |   476 ||   750
Dodge: Dodged            |    70 |    45 |   117 |   222 ||   454
Block: Buckler           |    34 |    21 |    80 |   193 ||   328

Table legend: (Time is in decaauts)
 A = Elapsed time spent in this place.
 B = Non-inter-level travel time spent in this place.
 C = Inter-level travel time spent in this place.
 D = Time resting spent in this place.
 E = Time spent auto-exploring this place.
 F = Levels seen in this place.
 G = Mean time per level.
                   A        B        C        D        E       F      G
               +--------+--------+--------+--------+--------+-----+--------+
         Total |  18721 |  18056 |    665 |   2306 |  12056 |  16 | 1170.1 |
       Dungeon |  14918 |  14334 |    584 |   1852 |   9382 |  11 | 1356.2 |
        Temple |    264 |    247 |     17 |      0 |    235 |   1 |  264.0 |
          Lair |   3427 |   3364 |     63 |    439 |   2386 |   3 | 1142.3 |
       Volcano |    111 |    111 |      0 |     15 |     53 |   1 |  111.0 |
               +--------+--------+--------+--------+--------+-----+--------+

Top non-repeatable levels by time:
     D:4: 2518 daAuts
  Lair:2: 1983 daAuts
    D:11: 1620 daAuts
     D:3: 1620 daAuts
    D:10: 1536 daAuts
     D:9: 1491 daAuts
  Lair:1: 1421 daAuts
     D:5: 1363 daAuts
     D:2: 1218 daAuts
     D:6: 1023 daAuts
     D:1: 868 daAuts
     D:8: 861 daAuts
     D:7: 794 daAuts
  Temple: 264 daAuts
 Volcano: 111 daAuts
